 Dungeon Crawl Stone Soup version 0.30-a0-723-gc1506a1cf0 (webtiles) character file.

Game seed: 6718130930040823413

431406 Legacy the Slayer (level 22, -4/226 HPs)
             Began as a Minotaur Berserker on Jan 28, 2023.
             Was the Champion of Trog.
             Killed by divine providence
             ... invoked by a living spell
             ... summoned by a walking divine tome
              (9 damage)
             ... on level 3 of the Depths.
             The game lasted 02:17:16 (48315 turns).

Legacy the Slayer (Minotaur Berserker)             Turns: 48315, Time: 02:17:17

Health: -4/226     AC: 45    Str: 29    XL:     22   Next: 53%
Magic:  0/21       EV: 17    Int:  2    God:    Trog [******]
Gold:   5916       SH: 25    Dex: 21    Spells: 21/21 levels left

rFire   + + .      SeeInvis +    H - +9 broad axe (vamp)
rCold   + + .      Faith    .    C - +0 tower shield
rNeg    . . .      Spirit   .    y - +8 gold dragon scales
rPois   +          Reflect  .    x - +3 crown of Dyrovepreva {rElec Int+2 SInv}
rElec   +          Harm     .    U - +2 cloak {rCorr}
rCorr   +          Rampage  .    m - +2 pair of gloves {infuse}
Will    +++..      Rage     50%  (no boots) Stlth
                                 X - necklace of Bloodlust {Fury *Rage Will++ Int-3 Slay+6}
HPRegen 0.57/turn                i - ring "Fumul" {*Slow rPois rF+ Str+6 Slay+3}
MPRegen 0.17/turn                W - +4 ring of protection

@: on berserk cooldown, studying 2 skills
A: horns 2, retaliatory headbutt, agile 1, cold resistance 1, weak 1
}: 3/15 runes: decaying, silver, gossamer
a: Renounce Religion, Berserk, Trog's Hand, Brothers in Arms


You were on level 3 of the Depths.
You worshipped Trog.
Trog was exalted by your worship.
You visited 7 branches of the dungeon, and saw 38 of its levels.
You also visited: Bailey.

You collected 8761 gold pieces.
You spent 2845 gold pieces at shops.

Inventory:

Hand Weapons
 p - a +6 vampiric executioner's axe
 H - a +9 vampiric broad axe (weapon)
 T - a +2 antimagic broad axe
 Y - a +2 great sword of holy wrath
 Z - a +4 vampiric demon trident
Missiles
 w - 6 boomerangs of dispersal (quivered)
Armour
 m - a +2 pair of gloves of infusion (worn)
 r - the +8 plate armour of the Lily {Int+2}
   (You bought it in a shop on level 14 of the Dungeon)

   Int:       It affects your intelligence (+2).
 x - the +3 crown of Dyrovepreva (worn) {rElec Int+2 SInv}
   (You bought it in a shop on level 9 of the Dungeon)

   Int:       It affects your intelligence (+2).
   rElec:     It insulates you from electricity.
   SInv:      It lets you see invisible.
 y - +8 gold dragon scales (worn)
 C - a +0 tower shield (worn)
 G - the +2 pair of boots of Entitlement {rN++ Int-4 Stlth+}
   (You found it on level 14 of the Dungeon)

   Int:       It affects your intelligence (-4).
   rN:        It greatly protects you from negative energy.
   Stlth:     It makes you more stealthy.
 U - a +2 cloak of preservation (worn)
Jewellery
 f - a +4 ring of slaying
 i - the ring "Fumul" (left hand) {*Slow rPois rF+ Str+6 Slay+3}
   (You found it on level 4 of the Dungeon)

   [ring of strength]

   Str:       It affects your strength (+6).
   Slay:      It affects your accuracy & damage with ranged weapons and melee
   (+3).
   rF:        It protects you from fire.
   rPois:     It protects you from poison.
   *Slow:     It may slow you when you take damage.
 u - a ring of protection from fire
 A - a +5 ring of evasion
 K - a ring of protection from cold
 L - a ring of flight
 S - a ring of willpower
 W - a +4 ring of protection (right hand)
 X - the necklace of Bloodlust (around neck) {Fury *Rage Will++ Int-3 Slay+6}
   (You found it on level 1 of the Orcish Mines)

   [amulet of nothing]

   Fury:      It extends the wearer's berserk rage when killing foes.
   Int:       It affects your intelligence (-3).
   Slay:      It affects your accuracy & damage with ranged weapons and melee
   (+6).
   *Rage:     It berserks you when you make melee attacks (+50% chance).
   Will:      It greatly increases your willpower.
Wands
 a - a wand of flame (25)
 g - a wand of iceblast (53)
 h - a wand of charming (41)
 s - a wand of mindburst (9)
 I - a wand of digging (17)
 M - a wand of light (21)
 N - a wand of polymorph (12)
Scrolls
 c - 5 scrolls of vulnerability
 d - 14 scrolls of teleportation
 e - 5 scrolls of magic mapping
 k - 3 scrolls of fear
 l - 4 scrolls of poison
 n - 14 scrolls of immolation
 t - a scroll of acquirement
 V - 8 scrolls of fog
Potions
 b - 6 potions of magic
 j - 10 potions of attraction
 o - 4 potions of haste
 q - 24 potions of curing
 v - 14 potions of heal wounds
 z - a potion of flight
 B - 4 potions of cancellation
 D - 2 potions of resistance
 E - 5 potions of invisibility
 F - 6 potions of lignification
 J - 5 potions of might
 O - 4 potions of ambrosia
Miscellaneous
 P - a condenser vane
 Q - a box of beasts
 R - a phantom mirror


   Skills:
 + Level 25.0 Fighting
 * Level 3.7 Long Blades
 + Level 25.0 Axes
 + Level 20.2 Armour
 * Level 18.9 Dodging
 + Level 2.7 Stealth
 * Level 24.5 Shields
 * Level 2.7 Evocations


You had 21 spell levels left.
You didn't know any spells.
Your spell library was empty.

Dungeon Overview and Level Annotations

Branches:
Dungeon (15/15)            Temple (0/1) D:4            Lair (5/5) D:9
  Swamp (4/4) Lair:2       Spider (4/4) Lair:3        Slime (0/5) Lair:4
    Orc (2/2) D:9             Elf (0/3) Orc:2        Vaults (5/5) D:14
  Crypt (0/3) Vaults:3     Depths (3/4) D:15         Bailey (visited)

Altars:
Cheibriados
Dithmenos
Hepliaklqana
Makhleb
Nemelex Xobeh
Okawaru
Vehumet
Jiyva

Shops:
D:1 [   D:3 ==   D:9 [(   D:14 *?:*   Orc:2 [:*!   Vaults:2 (   Vaults:4 [

Portals:
Hell: Depths:1 Depths:2 Depths:3
Abyss: Depths:3
Pandemonium: Depths:1 Depths:2
Ziggurat: Depths:3
Trove: D:15 (lose all piety)

Annotations:
D:10 Amaemon


Innate Abilities, Weirdness & Mutations

You have a pair of horns on your head.
You reflexively headbutt those who attack you in melee.
You are agile. (Dex +4, Str/Int -1)
Your flesh is cold resistant. (rC+)
You are weak. (Str -2)


Message History

The living spell casts itself at you. Something smites you!
Found a tourmaline ring.
The walking divine tome erupts in a flurry of living spells!
The living spell casts itself at you. Something smites you!
The living spell casts itself at you. Something smites you!
* * * LOW HITPOINT WARNING * * *
You completely miss the walking divine tome.
You headbutt the walking divine tome!
The walking divine tome is lightly damaged.
The walking divine tome erupts in a flurry of living spells!
The living spell casts itself at you. Something smites you!
* * * LOW HITPOINT WARNING * * *
The living spell casts itself at you. Something smites you!
* * * LOW HITPOINT WARNING * * *
You carve the walking divine tome like a ham!!!
The walking divine tome is heavily damaged.
You slice the living spell!!
You destroy the living spell!
The walking divine tome erupts in a flurry of living spells!
The living spell casts itself at you. Something smites you!
* * * LOW HITPOINT WARNING * * *
The living spell casts itself at you. Something smites you!
* * * LOW HITPOINT WARNING * * *
The walking divine tome misses you. You furiously retaliate!
You headbutt the walking divine tome!! You slash the walking divine tome!
You headbutt the walking divine tome!
The walking divine tome is almost destroyed.
You slice the living spell!!
You destroy the living spell!
You feel yourself speed up. The living spell casts itself at you.
Something smites you!
You die...

.#.# #.#.# #.# ....#
#.#.# #.# ....# #.#.#
#.# ....# #.#.## ##.#
... #.##.## ##.## ...
##.##.# .#†## ...
##.##†# .##.# ...
##.##.#########.##.##
##+
#.##.##..Q;@...##.##
# #.#.##...*##.###.##
## #.#.#.... #.#.†##
.# #.#.#..= #.#.## .#
#.#.##. ##.#.# .#
#[##.## ##.##.# ..
##.##.####.##.## ..
##.##(...##.## ..
##)######.##


You could see a walking divine tome, a tengu reaver and a living smiting
commandment (summoned).

Vanquished Creatures
  2 dread liches
  2 ancient liches (Vaults:5)
  Saint Roka (Depths:1)
  the Lernaean hydra (Swamp:4)
  5 golden dragons
  Frederick (Vaults:3)
  The ghost of Kokyareo the Impregnable, an adept MiBe of Trog (Vaults:2)
  3 tentacled monstrosities (Depths:3)
  Jorgrun (Swamp:3)
  3 liches
  5 titans
  2 walking divine tomes (Depths:3)
  3 sphinxes
  The ghost of Leut the Bludgeoner, an adept MiFi of Ru (Swamp:2)
  A sphinx (shapeshifter) (Depths:2)
  3 storm dragons
  4 tengu reavers
  Agnes (D:15)
  Roxanne (Spider:3)
  3 shadow dragons
  11 emperor scorpions
  3 frost giants
  5 fire giants
  3 iron dragons (Vaults:5)
  3 ghost moths
  A frost giant (shapeshifter) (Vaults:5)
  16 vault wardens
  3 orc warlords
  2 spriggan defenders (Depths:3)
  12 ironbound preservers
  3 ghouls
  4 war gargoyles
  3 ironbound thunderhulks
  A broodmother (Spider:4)
  11 very ugly things
  9 stone giants
  A dire elephant (Vaults:1)
  3 vampire knights
  2 deep elf demonologists (Vaults:5)
  6 bunyips
  4 eleionomae
  10 spark wasps
  A quicksilver dragon zombie (Depths:1)
  An iron golem (Depths:1)
  3 crystal guardians
  A deep elf death mage (Vaults:3)
  9 ettins
  Josephine (D:15)
  10 entropy weavers
  12 yaktaur captains
  6 fire dragons
  5 great orbs of eyes
  35 vault guards
  22 hydras
  4 ice dragons
  A jorogumo (Spider:1)
  4 spriggan air magi
  5 peacekeepers
  4 rakshasas
  9 centaur warriors
  2 ogre magi
  A ghost crab (Swamp:3)
  6 radroaches
  5 ironbound frosthearts
  A radroach (shapeshifter) (Depths:2)
  4 death yaks (Lair:5)
  7 boulder beetles
  5 alligators
  A dancing weapon (Vaults:5)
  16 two-headed ogres
  4 deep troll shamans
  4 deep troll earth magi
  2 tengu warriors
  2 vampire magi
  6 spriggan berserkers
  22 spriggans
  5 orc high priests
  Nergalle (Lair:2)
  20 hell knights
  7 iron trolls
  2 shadow wraiths
  Sonja (Lair:5)
  A fire crab (shapeshifter) (D:12)
  2 goliath frogs
  A sea snake (shapeshifter) (Depths:2)
  42 deep trolls
  3 pharaoh ants
  A goliath frog (shapeshifter) (Depths:2)
  4 skeletal warriors (D:14)
  11 swamp dragons
  3 sun moths
  14 orb spiders
  2 spriggan druids (Swamp:2)
  15 bog bodies
  A deep elf archer (D:14)
  6 glowing orange brains
  10 phantasmal warriors
  7 steelbarb worms
  14 orc knights
  8 wizards
  A flayed ghost (Depths:1)
  25 ironbound convokers
  Pikel (D:5)
  2 deep elf zephyrmancers (D:12)
  A tengu zombie (Vaults:4)
  9 orc sorcerers
  9 harpies (Vaults:2)
  4 necromancers
  An iron dragon zombie (Depths:1)
  53 ugly things
  3 deep elf pyromancers
  12 lindwurms
  2 frost giant zombies (Depths:1)
  7 will-o-the-wisps
  A sphinx skeleton (Vaults:4)
  25 wolf spiders
  4 manticores
  A shining eye (shapeshifter) (Vaults:3)
  4 cyclopes
  2 moths of wrath
  12 elephants
  4 black mambas
  An elf zombie (Vaults:4)
  9 demonic crawlers
  A smoke demon (D:13)
  4 gargoyles
  20 vault sentinels
  An orange demon (D:10)
  7 torpor snails
  2 rust devils (D:5)
  2 unseen horrors
  4 rime drakes
  Joseph (D:9)
  Psyche (D:10)
  11 cane toads
  3 kobold demonologists
  8 komodo dragons
  A rime drake (shapeshifter) (D:12)
  4 freezing wraiths
  3 tengu conjurers
  An unseen horror zombie (D:9)
  16 yaktaurs
  An efreet (D:13)
  An ice devil (D:13)
  14 trolls
  A meliai (shapeshifter) (Depths:2)
  A merfolk (shapeshifter) (Vaults:5)
  7 polar bears
  A troll (shapeshifter) (D:15)
  13 tyrant leeches
  27 hornets
  A tengu simulacrum (Vaults:5)
  21 tarantellas
  10 blink frogs
  5 dream sheep (Lair:5)
  28 slime creatures
  A centaur simulacrum (D:15)
  22 jumping spiders
  3 shadows
  An ettin skeleton (Depths:1)
  55 yaks
  4 wraiths (D:15)
  21 culicivoras
  5 wyverns
  16 humans (D:14)
  3 basilisks
  18 vampire mosquitoes
  A human simulacrum (Vaults:5)
  2 steam dragons (D:9)
  55 redbacks
  3 wargs
  A yaktaur simulacrum (Vaults:5)
  12 swamp worms
  The ghost of Darius099 the Cudgeller, an amateur GrFi (D:3)
  10 water moccasins
  An acid dragon (D:9)
  9 swamp drakes
  An ice beast (D:5)
  3 sky beasts (D:7)
  2 black bears (Lair:5)
  43 orc warriors
  A tengu (shapeshifter) (Depths:2)
  10 ogres
  8 centaurs
  8 boggarts
  2 lemures (D:5)
  26 wolves
  2 phantoms
  10 kobold brigands
  A gnoll sergeant (D:12)
  9 bullfrogs
  3 necrophages
  2 scorpions
  11 wights
  7 killer bees
  5 electric eels
  A howler monkey (D:10)
  4 crimson imps (D:13)
  3 centaur zombies (D:9)
  11 hounds
  A jelly (D:7)
  21 orc priests
  A gnoll bouda (D:6)
  4 iguanas
  18 orc wizards
  6 hell rats (Lair:4)
  4 howler monkey zombies (D:9)
  5 gnolls
  11 adders
  A river rat (D:3)
  10 white imps
  3 worms
  A dart slug (D:2)
  103 orcs
  11 ball pythons
  5 endoplasms
  9 giant cockroaches
  14 goblins
  7 hobgoblins
  9 jackals
  28 kobolds
  4 quokkas
  6 bats
  6 frilled lizards
  9 rats
  A bush (D:10)
1691 creatures vanquished.

Vanquished Creatures (others)
  A hydra (Swamp:3)
  A goliath frog (Swamp:3)
  A swamp dragon (Swamp:3)
  A demonic crawler (Spider:4)
  6 bloated husks
  A culicivora (Spider:4)
  A jumping spider (Spider:2)
  A swamp worm (Swamp:3)
  An orc warrior (Depths:1)
  An orc (D:9)
  48 foxfires
  34 fungi
  36 plants
  4 withered plants (D:9)
137 creatures vanquished.

Grand Total: 1828 creatures vanquished

Notes
Turn   | Place    | Note
-------+----------+-------------------------------------------
     0 | D:1      | Legacy the Minotaur Berserker began the quest for the Orb.
     0 | D:1      | Reached XP level 1. HP: 19/19 MP: 0/0
   158 | D:1      | Reached XP level 2. HP: 24/28 MP: 1/1
   227 | D:1      | Found Viom's Antique Armour Shoppe.
   504 | D:1      | Reached skill level 5 in Fighting
   507 | D:1      | Reached ** piety under Trog
   573 | D:1      | Reached XP level 3. HP: 36/36 MP: 2/2
  1440 | D:1      | Bought a pair of embroidered gloves for 187 gold pieces
  1514 | D:2      | Found a faded altar of an unknown god.
  1727 | D:2      | Reached XP level 4. HP: 43/44 MP: 0/3
  1941 | D:3      | Reached XP level 5. HP: 52/52 MP: 0/4
  2042 | D:3      | Found Anualai's Jewellery Shoppe.
  2300 | D:3      | Reached *** piety under Trog
  2507 | D:3      | Found Qush's Jewellery Emporium.
  2542 | D:3      | Found a runed translucent door.
  2548 | D:3      | Noticed Darius099's ghost (amateur GrFi)
  2556 | D:3      | Reached XP level 6. HP: 62/62 MP: 2/5
  2562 | D:3      | Killed Darius099's ghost
  2568 | D:3      | Found a runed translucent door.
  3099 | D:4      | Reached XP level 7. HP: 60/71 MP: 2/6
  3245 | D:4      | Reached skill level 10 in Fighting
  3273 | D:4      | Found a snail-covered altar of Cheibriados.
  3273 | D:4      | Found a radiant altar of Vehumet.
  3478 | D:4      | Found a staircase to the Ecumenical Temple.
  3519 | D:4      | Identified the ring "Fumul" {*Slow rPois rF+ Str+6 Slay+3}
  3709 | D:5      | Entered Level 5 of the Dungeon
  3722 | D:5      | Noticed Pikel
  3745 | D:5      | Killed Pikel
  3746 | D:5      | Reached XP level 8. HP: 58/82 MP: 0/7
  4067 | D:5      | Identified a scroll of acquirement
  4179 | D:5      | You fall into a shaft and drop 2 floors!
  4225 | D:6      | Identified the +2 rapier "Xacistro" {spect, Dex+4 Stlth+}
  4266 | D:5      | Noticed a rust devil
  4266 | D:5      | Noticed a rust devil
  4268 | D:5      | Reached **** piety under Trog
  4269 | D:5      | Reached skill level 5 in Armour
  5581 | D:6      | Reached XP level 9. HP: 91/91 MP: 5/8
  5738 | D:5      | Killed a rust devil
  5739 | D:5      | Reached skill level 5 in Dodging
  5742 | D:5      | Killed a rust devil
  5775 | D:5      | Identified the +7 scimitar "Kelyniro" {elec, Str+2}
  5963 | D:6      | Found a burning altar of Makhleb.
  6666 | D:7      | Noticed a komodo dragon
  6728 | D:7      | Reached XP level 10. HP: 45/102 MP: 1/9
  6914 | D:7      | Reached skill level 1 in Stealth
  7699 | D:8      | Reached ***** piety under Trog
  7757 | D:8      | Found a flagged portal.
  7770 | D:8      | Noticed a deep elf pyromancer
  7781 | D:8      | Killed a deep elf pyromancer
  7809 | Bailey   | Entered a bailey
  7875 | Bailey   | Reached skill level 10 in Armour
  8068 | Bailey   | Found a burning altar of Makhleb.
  8094 | Bailey   | Identified the +2 spear of a volcano {speed, MP-9 Str+5
                  | SInv}
  8439 | D:8      | Found a hazy altar of Hepliaklqana.
  8579 | D:8      | Found a sparkling altar of Nemelex Xobeh.
  8692 | D:9      | Found Vamoch's Weapon Shop.
  8693 | D:9      | Found a staircase to the Orcish Mines.
  8712 | D:9      | Found Koitud's Armour Shop.
  8725 | D:9      | Bought the +3 crown of Dyrovepreva {rElec Int+2 SInv} for
                  | 579 gold pieces
  8725 | D:9      | Found the +3 crown of Dyrovepreva {rElec Int+2 SInv}
  8790 | D:9      | Noticed Joseph
  8801 | D:9      | Killed Joseph
  8802 | D:9      | Reached XP level 11. HP: 111/111 MP: 0/10
  8818 | D:9      | Reached skill level 15 in Fighting
  8911 | D:9      | Found a staircase to the Lair.
  9908 | D:10     | Entered Level 10 of the Dungeon
 10173 | D:10     | Noticed Psyche
 10175 | D:10     | Noticed a two-headed ogre
 10182 | D:10     | Killed Psyche
 10186 | D:10     | Killed a two-headed ogre
 10349 | D:10     | Noticed Amaemon
 10372 | D:10     | Noticed a tengu warrior
 10377 | D:10     | Killed a tengu warrior
 10463 | D:10     | Noticed a stone giant
 10472 | D:10     | Killed a stone giant
 10566 | D:10     | Noticed a two-headed ogre
 10707 | D:10     | Noticed a two-headed ogre
 10714 | D:10     | Killed a two-headed ogre
 10905 | D:10     | Found a faded altar of an unknown god.
 10960 | D:10     | Reached skill level 1 in Shields
 11420 | D:11     | Noticed a boulder beetle
 11458 | D:11     | Killed a boulder beetle
 11458 | D:11     | Received a gift from Trog
 11459 | D:11     | Reached XP level 12. HP: 57/122 MP: 3/11
 12375 | D:12     | Noticed a two-headed ogre
 12384 | D:12     | Killed a two-headed ogre
 12667 | D:12     | Noticed a rakshasa
 12699 | D:12     | Noticed a fire dragon
 12701 | D:12     | Reached skill level 5 in Shields
 12710 | D:12     | Killed a rakshasa
 12711 | D:12     | Reached skill level 10 in Dodging
 12713 | D:12     | Killed a fire dragon
 12728 | D:12     | Reached skill level 15 in Armour
 13669 | D:13     | Reached XP level 13. HP: 125/132 MP: 4/12
 13714 | D:13     | Reached ****** piety under Trog
 13827 | D:13     | Received a gift from Trog
 14679 | D:14     | Found Puxoora's Magic Scroll Emporium.
 14690 | D:14     | Reached skill level 5 in Axes
 14698 | D:14     | Bought a scroll of identify for 24 gold pieces
 14710 | D:14     | Found an iron altar of Okawaru.
 14908 | D:14     | Found Couno's Assorted Antiques.
 15101 | D:14     | Found Taesa's Assorted Antiques.
 15116 | D:14     | Bought a slimy plate armour for 588 gold pieces
 15116 | D:14     | Identified the +8 plate armour of the Lily {Int+2} (You
                  | bought it in a shop on level 14 of the Dungeon)
 15127 | D:14     | Acquired 872 gold pieces
 15129 | D:14     | Bought a scroll of acquirement for 1092 gold pieces
 15153 | D:14     | Bought a scroll of identify for 42 gold pieces
 15298 | D:14     | Found Qutz's Book Shoppe.
 15476 | D:14     | Bought a scroll of identify for 24 gold pieces
 15476 | D:14     | Bought a scroll of identify for 24 gold pieces
 15559 | D:14     | Identified the +2 helmet of Quxug {-Cast rElec rPois Dex+3}
 15795 | D:14     | Found a gate to the Vaults.
 15921 | D:14     | Identified the +2 pair of boots of Entitlement {rN++ Int-4
                  | Stlth+}
 16255 | Lair:1   | Entered Level 1 of the Lair of Beasts
 16540 | Lair:1   | Reached skill level 10 in Shields
 16540 | Lair:1   | Reached XP level 14. HP: 142/143 MP: 7/13
 16594 | Lair:1   | You fall into a shaft and drop 1 floor!
 17050 | Lair:2   | Noticed Nergalle
 17056 | Lair:2   | Killed Nergalle
 17340 | Lair:2   | Received a gift from Trog
 17479 | Lair:2   | Reached skill level 10 in Axes
 17533 | Lair:2   | Found a staircase to the Swamp.
 17965 | Lair:3   | Found a hole to the Spider Nest.
 18049 | Lair:3   | Found a hazy altar of Hepliaklqana.
 18728 | Lair:4   | Found a viscous altar of Jiyva.
 18728 | Lair:4   | Found a staircase to the Slime Pits.
 19023 | Lair:5   | Entered Level 5 of the Lair of Beasts
 19159 | Lair:5   | Identified the +3 dagger of the Present {holy, *Noise rN++
                  | Str+3}
 19494 | Lair:5   | Received a gift from Trog
 19609 | Lair:5   | Reached XP level 15. HP: 152/152 MP: 0/14
 20007 | Lair:5   | Noticed Sonja
 20013 | Lair:5   | Killed Sonja
 20470 | Orc:1    | Entered Level 1 of the Orcish Mines
 20636 | Orc:1    | Found the necklace of Bloodlust {Fury *Rage Will++ Int-3
                  | Slay+6}
 20662 | Orc:1    | Found a transporter.
 20859 | Orc:1    | Received a gift from Trog
 20933 | Orc:1    | Found a transporter.
 21533 | Orc:2    | Entered Level 2 of the Orcish Mines
 21537 | Orc:2    | Found a staircase to the Elven Halls.
 21832 | Orc:2    | Received a gift from Trog
 21942 | Orc:2    | Found Jeriecuu's Distillery.
 21942 | Orc:2    | Found Toreph's Armour Boutique.
 21951 | Orc:2    | Found Nennod's Assorted Antiques.
 21951 | Orc:2    | Found Usakuor's Book Emporium.
 22715 | Swamp:1  | Entered Level 1 of the Swamp
 23169 | Swamp:1  | Received a gift from Trog
 23963 | Swamp:2  | Reached XP level 16. HP: 163/163 MP: 13/15
 24347 | Swamp:2  | Found a runed translucent door.
 24356 | Swamp:2  | Noticed Leut's ghost (adept MiFi)
 24376 | Swamp:2  | Killed Leut's ghost
 24436 | Swamp:2  | Reached skill level 15 in Axes
 24590 | Swamp:3  | Noticed Jorgrun
 24606 | Swamp:3  | Killed Jorgrun
 24723 | Swamp:3  | Identified the +1 great sword of the Invisible Princes
                  | {freeze, rC++ rN+++ rCorr Str-5}
 24821 | Swamp:3  | Gained mutation: You are frail. (-10% HP) [potion of
                  | mutation]
 24821 | Swamp:3  | Gained mutation: You are very frail. (-20% HP) [potion of
                  | mutation]
 24821 | Swamp:3  | Lost mutation: You are very frail. (-20% HP) [potion of
                  | mutation]
 24821 | Swamp:3  | Gained mutation: You have hidden genetic potential. [potion
                  | of mutation]
 24822 | Swamp:3  | Lost mutation: You have hidden genetic potential. [potion
                  | of mutation]
 24822 | Swamp:3  | Lost mutation: You are frail. (-10% HP) [potion of
                  | mutation]
 24822 | Swamp:3  | Gained mutation: You sometimes lose your temper in combat.
                  | [potion of mutation]
 24822 | Swamp:3  | Gained mutation: You have supernaturally acute eyesight.
                  | (SInv) [potion of mutation]
 24822 | Swamp:3  | Gained mutation: You occasionally lose the ability to read
                  | scrolls when taking damage. [potion of mutation]
 24822 | Swamp:3  | Gained mutation: You have large cloven feet. [potion of
                  | mutation]
 24823 | Swamp:3  | Lost mutation: You have large cloven feet. [potion of
                  | mutation]
 24823 | Swamp:3  | Lost mutation: You sometimes lose your temper in combat.
                  | [potion of mutation]
 24823 | Swamp:3  | Gained mutation: You have sharp toenails. [potion of
                  | mutation]
 24824 | Swamp:3  | Lost mutation: You occasionally lose the ability to read
                  | scrolls when taking damage. [potion of mutation]
 24824 | Swamp:3  | Lost mutation: You have supernaturally acute eyesight.
                  | (SInv) [potion of mutation]
 24824 | Swamp:3  | Gained mutation: Armour fits poorly on your strangely
                  | shaped body. [potion of mutation]
 24825 | Swamp:3  | Lost mutation: You have sharp toenails. [potion of
                  | mutation]
 24825 | Swamp:3  | Lost mutation: Armour fits poorly on your strangely shaped
                  | body. [potion of mutation]
 24825 | Swamp:3  | Gained mutation: Your flesh is heat resistant. (rF+)
                  | [potion of mutation]
 24825 | Swamp:3  | Gained mutation: Your flesh is cold resistant. (rC+)
                  | [potion of mutation]
 24825 | Swamp:3  | Gained mutation: Armour fits poorly on your strangely
                  | shaped body. [potion of mutation]
 24825 | Swamp:3  | Gained mutation: You have large cloven feet. [potion of
                  | mutation]
 24826 | Swamp:3  | Lost mutation: Armour fits poorly on your strangely shaped
                  | body. [potion of mutation]
 24826 | Swamp:3  | Lost mutation: You have large cloven feet. [potion of
                  | mutation]
 24826 | Swamp:3  | Lost mutation: Your flesh is heat resistant. (rF+) [potion
                  | of mutation]
 24826 | Swamp:3  | Lost intelligence.
 24826 | Swamp:3  | Gained mutation: You are agile. (Dex +4, Str/Int -1)
                  | [potion of mutation]
 24826 | Swamp:3  | Gained mutation: You are weak. (Str -2) [potion of
                  | mutation]
 25408 | Swamp:4  | Entered Level 4 of the Swamp
 25453 | Swamp:3  | Lost intelligence.
 25500 | Swamp:4  | Received a gift from Trog
 25712 | Swamp:4  | Reached skill level 15 in Shields
 25767 | Swamp:4  | Noticed the 27-headed Lernaean hydra
 25772 | Swamp:4  | Found a shadowy altar of Dithmenos.
 26097 | Swamp:4  | Killed the 26-headed Lernaean hydra
 26114 | Swamp:4  | Got a decaying rune of Zot
 26977 | Spider:1 | Entered Level 1 of the Spider Nest
 27335 | Spider:1 | Reached XP level 17. HP: 173/173 MP: 12/16
 27703 | Spider:1 | Identified the +13 hand axe of Certain Death {flame, rC+
                  | rCorr MP-9 Dex+3} (Trog gifted it to you on level 1 of the
                  | Spider Nest)
 27703 | Spider:1 | Received a gift from Trog
 29133 | Spider:2 | Reached skill level 15 in Dodging
 29249 | Spider:3 | Identified the +3 war axe of Radicalism {flame, rCorr
                  | Str+2} (Trog gifted it to you on level 3 of the Spider
                  | Nest)
 29249 | Spider:3 | Received a gift from Trog
 29574 | Spider:3 | Noticed Roxanne
 29600 | Spider:3 | Killed Roxanne
 29618 | Spider:3 | Acquired 873 gold pieces
 30162 | Spider:4 | Entered Level 4 of the Spider Nest
 30198 | Spider:4 | Received a gift from Trog
 30605 | Spider:4 | Reached XP level 18. HP: 163/184 MP: 10/17
 31794 | Spider:4 | Identified the +0 hat of Xeipy {rN+ Will+ Dex-4}
 31871 | Spider:4 | Got a gossamer rune of Zot
 32274 | Vaults:1 | Entered Level 1 of the Vaults
 32501 | Vaults:1 | Received a gift from Trog
 33646 | Vaults:1 | Received a gift from Trog
 34504 | Vaults:2 | You fall into a shaft and drop 1 floor!
 34851 | Vaults:3 | Reached XP level 19. HP: 193/193 MP: 14/18
 35233 | Vaults:2 | Received a gift from Trog
 35782 | Vaults:2 | Noticed a dread lich
 36201 | Vaults:2 | Killed a dread lich
 36546 | Vaults:2 | Found a transporter.
 36546 | Vaults:2 | Noticed Kokyareo's ghost (adept MiBe)
 36661 | Vaults:2 | Received a gift from Trog
 36765 | Vaults:2 | Found Pyurau's Weapon Shoppe.
 36986 | Vaults:2 | Found a transporter.
 37041 | Vaults:2 | Killed Kokyareo's ghost
 37050 | Vaults:2 | Identified the ring "Tipnorru" {Drain rElec rPois Str+6
                  | Dex-4}
 37857 | Vaults:3 | Found a staircase to the Crypt.
 38043 | Vaults:3 | Noticed Frederick
 38052 | Vaults:3 | Killed Frederick
 38676 | Vaults:4 | Received a gift from Trog
 39224 | Vaults:4 | Reached XP level 20. HP: 204/204 MP: 5/19
 39455 | Vaults:4 | Found Howkat's Antique Armour Shoppe.
 39466 | Vaults:4 | Bought an emerald-studded chain mail for 285 gold pieces
 39466 | Vaults:4 | Identified the +2 chain mail of Leaves {Harm *Slow Regen+
                  | Int+7} (You bought it in a shop on level 4 of the Vaults)
 39821 | Vaults:4 | Received a gift from Trog
 39845 | Vaults:4 | Identified the +1 dire flail "Arbiter" {flame, Int+3}
 40279 | Vaults:5 | Entered Level 5 of the Vaults
 40676 | Vaults:5 | Noticed a dread lich
 40735 | Vaults:4 | Paralysed by a dread lich for 2 turns
 40744 | Vaults:4 | Killed a dread lich
 40862 | Vaults:5 | Received a gift from Trog
 41108 | Vaults:5 | Noticed a golden dragon
 41123 | Vaults:4 | Killed a golden dragon
 41444 | Vaults:5 | Noticed a golden dragon
 41455 | Vaults:4 | Killed a golden dragon
 41528 | Vaults:5 | Identified the ring "Cetod" {rF+ Will+ rCorr Slay-2}
 41975 | Vaults:5 | Received a gift from Trog
 41976 | Vaults:5 | Reached XP level 21. HP: 214/214 MP: 11/20
 42029 | Vaults:5 | Noticed a golden dragon
 42037 | Vaults:5 | Killed a golden dragon
 42282 | Vaults:5 | Identified the +1 giant spiked club of Wyrd {antimagic,
                  | rElec rC+ Stlth+}
 42315 | Vaults:5 | Noticed an ancient lich
 42326 | Vaults:5 | Killed an ancient lich
 42409 | Vaults:5 | Noticed an ancient lich
 42410 | Vaults:5 | Identified the ring of Raoddalo {Ice Int+3}
 42423 | Vaults:5 | Killed an ancient lich
 43089 | Vaults:5 | Got a silver rune of Zot
 43382 | Vaults:5 | Identified the +2 chain mail "Rushran" {rF- rC+ rN++}
 43846 | D:15     | Entered Level 15 of the Dungeon
 43958 | D:15     | Acquired 669 gold pieces
 44048 | D:15     | Identified the +5 ring mail of the Catamount {Str+8}
 44050 | D:15     | Received a gift from Trog
 44059 | D:15     | Noticed Agnes
 44063 | D:15     | Killed Agnes
 44446 | D:15     | Found a portal to a secret trove of treasure.
 44792 | D:15     | Noticed Josephine
 44810 | D:15     | Killed Josephine
 44854 | D:15     | Found a staircase to the Depths.
 45105 | Depths:1 | Entered Level 1 of the Depths
 45209 | Depths:1 | Found a gateway to Hell.
 45652 | Depths:1 | Noticed Saint Roka
 45669 | Depths:1 | Killed Saint Roka
 46007 | Depths:1 | Found a one-way gate leading to the halls of Pandemonium.
 46097 | Depths:1 | Found a snail-covered altar of Cheibriados.
 46466 | Depths:2 | Received a gift from Trog
 47178 | Depths:2 | Reached XP level 22. HP: 224/224 MP: 12/21
 47699 | Depths:3 | Noticed a golden dragon
 47701 | Depths:3 | Reached skill level 1 in Long Blades
 47708 | Depths:3 | Killed a golden dragon
 47709 | Depths:3 | Reached skill level 1 in Evocations
 47747 | Depths:3 | Received a gift from Trog
 47901 | Depths:3 | Found a one-way gate to the infinite horrors of the Abyss.
 48102 | Depths:3 | Found a one-way gateway to a ziggurat.
 48141 | Depths:3 | Noticed a golden dragon
 48155 | Depths:3 | Killed a golden dragon
 48314 | Depths:3 | HP: 4/226 [living spell/divine providence[a walking divine
                  | tome] (14)]
 48315 | Depths:3 | Killed from afar by a living spell

Illustrated notes

Levels and vault maps discovered:
D:1:      minmay_arrival_stair_chambers, layout_basic, serial_shops,
          shop_fountains
D:2:      layout_basic, ebering_ecumenical_altar_webs,
          hangedman_decor_slide_cut, minmay_fractal_squares_gapless_5
D:3:      minmay_bubble_buster, layout_basic, serial_shops, nicolae_square_shop,
          shop, ebering_ghost_sewer_f, minmay_cut_off
D:4:      layout_loops_ring, minitemple, lemuel_temple_firewalk_a,
          kennysheep_another_room, minmay_misc_feat_hallway,
          dreamdust_gnoll_farm
D:5:      cheibrodos_iron_armory, layout_cave_pods, uniq_pikel
D:6:      layout_loops_corners, lemuel_coloured_pillars_altar, hex_large
D:7:      minmay_clustersquares, layout_basic, serial_park_tiny_1,
          minmay_statues_item
D:8:      layout_rooms, nicolae_hepliaklqana_hippocampus, lemuel_doored_altar,
          enter_bailey_5, reono_crystal_passage
D:9:      layout_basic, erik_lair_island, orc_david_3, serial_undead,
          serial_undead_f, serial_undead_c, serial_undead_e, serial_undead_b,
          evilmike_butchery, uniq_joseph
D:10:     nzn_winding_woodlands_medium [nzn_winding_woodlands_5x5_closed_star,
          nzn_winding_woodlands_5x15_river_crossing,
          nzn_winding_woodlands_5x5_default, nzn_winding_woodlands_5x5_default,
          nzn_winding_woodlands_center_diamonds,
          nzn_winding_woodlands_hourglass, nzn_winding_woodlands_5x5_three,
          nzn_winding_woodlands_5x15_split_checker,
          nzn_winding_woodlands_5x5_perimeter], layout_stronghold,
          serial_column_ruins, column_ruins_temple_hall, column_ruins_grid_3,
          column_ruins_open_small, column_ruins_corridor_corner,
          column_ruins_open_large, kb_lookout_dungeons_type,
          kennysheep_nondescript, uniq_psyche, uniq_amaemon
D:11:     layout_basic
D:12:     minmay_chambers_of_sevens, layout_loops_ring, special_room
          [special_room_orc], dk_noncrumbling_4, billiards_dpeg
D:13:     layout_cave_pods, minmay_fire_ice_demons
D:14:     layout_stronghold, grunt_vaults_entry_tiered, okawaru_gym_becter,
          serial_shops, nicolae_shop_hallway_plus, shop, nicolae_square_shop,
          nicolae_shop_crystal, serial_column_ruins, column_ruins_hut,
          column_ruins_grid_1, column_ruins_grid_2,
          column_ruins_columns_straight, column_ruins_corridor_dead_end
D:15:     gammafunk_enter_depths_forms, layout_basic, enter_trove_6,
          nrook_mini_vaults, uniq_agnes, uniq_josephine
Lair:1:   layout_loops_ring
Lair:2:   layout_hall_layers, nicolae_swamp_entry_splash_gauntlet, uniq_nergalle
Lair:3:   layout_gridlike, spider_nest_entry_webs, basic_altar,
          grunt_megastairs_1, infiniplex_staircase_pool_2, lemuel_fruit_tree
Lair:4:   layout_loops_ring, slime_entry_1, nicolae_quartered_pool_super,
          lemuel_fruit_fields
Lair:5:   minmay_lair_end_enchanted_forest, layout_regular_city,
          grunt_megastairs_2, infiniplex_staircase_pool, uniq_sonja
Swamp:1:  layout_basic_swamp, nicolae_swamp_big_swirl, swamp_pool2
Swamp:2:  layout_basic_swamp, ebering_ghost_inner_flame,
          nicolae_swamp_little_tower, swamp_pool2, cheibrodos_swamp_pet_leeches
Swamp:3:  nicolae_swamp_husk_halls, layout_basic_swamp,
          evilmike_swamp_ruin_house_5, swamp_pool5,
          nicolae_swamp_wisp_ring_woods, uniq_jorgrun
Swamp:4:  grunt_swamp_rune_castle, layout_basic_swamp, swamp_pool2,
          nicolae_swamp_feature_on_the_river_bank
Spider:1: nicolae_spider_hilbert_zone_5 [nicolae_spider_hilbert_3_sides_1_open,
          nicolae_spider_hilbert_4_sides_1_open,
          nicolae_spider_hilbert_4_sides_1_open,
          nicolae_spider_hilbert_6_sides_1_open,
          nicolae_spider_hilbert_6_sides_1_open], drop_trap
Spider:2: layout_chambers, drop_trap, nicolae_spider_cling_halls
Spider:3: spiders_nest_scorpion_pit, uniq_roxanne
Spider:4: guppyfry_spider_rune
Orc:1:    gammafunk_beogh_shrine, layout_diamond_mine, mines2_david
Orc:2:    st_orc_elflike, layout_caves, nicolae_orc_lava_tube, mines2_david
Vaults:1: grunt_vaults_diagonal, vaults_room_door_ring, vaults_room_door_hall,
          st_lines, grunt_vaults_focal, v_misc_11, v_pattern_3, v_misc_3,
          serial_ice_b, layout_vaults_quadrants
Vaults:2: gammafunk_ghost_mausoleum, ontoclasm_vaults_spin,
          vaults_room_grunt_arrival_checkpoint, grunt_vaults_twisty,
          vaults_room_hangedman_quadrants, nicolae_vaults_ninety_degrees,
          nicolae_vaults_little_squares_2, nicolae_vaults_twisting_passages,
          vaults_standard_mumra_enter_the_diamond, ontoclasm_vaults_hangar,
          layout_vaults_ring, serial_shops, nicolae_shop_bloodbath_and_beyond
Vaults:3: hangedman_vaults_snaps, nicolae_vaults_little_squares_2,
          hangedman_vaults_hat, minmay_crypt_entry_simple_plaza,
          ontoclasm_vaults_claustrophobia, grunt_vaults_hallway_short,
          nicolae_vaults_yaktaur_gun_rack, vaults_mumra_lcd,
          ontoclasm_vaults_hangar, v_misc_28, hangedman_vaults_nails,
          vaults_mumra_chevron_long, vaults_room_semicircle,
          hangedman_vaults_locks, st_more_cells, layout_vaults_maze_bifur,
          uniq_frederick
Vaults:4: nicolae_vaults_little_squares_5, v_misc_14, dpeg_vaults_waves,
          v_rooms_2, nicolae_vaults_disjoint_gnomons, v_misc_24,
          vaults_room_door_ring, ontoclasm_vaults_bender,
          hangedman_vaults_corner_blocks, v_misc_26, v_misc_8,
          nicolae_vaults_border_crossing, layout_vaults_omnibox, serial_shops,
          shop
Vaults:5
Depths:1: layout_gridlike, grunt_metal_band, rand_demon_pan_entry_4,
          serial_corexii_hall, corexii_hall_statues_l, corexii_hall_statues_x,
          corexii_hall_statues_i, nrook_campfire, slow_altar_2, uniq_saint_roka
Depths:2: minmay_split_circle, layout_cave_shapes, pan_entry, hell_entry,
          led_xom_imps
Depths:3: kennysheep_snake, layout_basic, enter_ziggurat_b, hell_entry,
          minmay_misc_feat_encased, hangedman_abyss_entry_splay

Skill      XL: |  1  2  3  4  5  6  7  8  9 10 11 12 13 14 15 16 17 18 19 20 21 22 |
---------------+-------------------------------------------------------------------+-----
Fighting       | 4 5 6 7 8 9 11 12 13 14 16 17 18 19 20 21 22 23 24 25 | 25.0
Armour         | 4 6 8 11 13 15 16 17 18 19 20 | 20.2
Dodging        | 3 4 6 8 9 10 11 12 13 14 15 16 17 18 | 18.9
Stealth        | 1 2 |  2.7
Shields        | 2 7 10 11 13 15 16 17 19 21 23 24 | 24.5
Axes           | 9 12 14 16 18 20 21 23 24 25 | 25.0
Long Blades    | 3 |  3.7
Evocations     | 2 |  2.7

Action                     |  1- 3 |  4- 6 |  7- 9 | 10-12 | 13-15 | 16-18 | 19-21 | 22-24 || total
---------------------------+-------+-------+-------+-------+-------+-------+-------+-------++-------
  Melee: Hand axe          |    93 |    91 |    71 |       |       |       |       |       ||   255
         Headbutt          |     9 |    11 |    23 |    90 |   238 |   229 |   314 |    60 ||   974
         Punch             |       |     1 |     1 |     2 |       |       |       |       ||     4
         War axe           |       |       |    72 |    51 |       |       |       |       ||   123
         Broad axe         |       |       |       |   312 |   798 |   353 |   919 |   168 ||  2550
         Executioner's axe |       |       |       |       |       |   464 |       |       ||   464
 Invoke: Berserk           |       |     1 |     3 |     5 |     3 |     2 |     5 |     1 ||    20
  Evoke: Wand              |       |       |     4 |     8 |     1 |     3 |       |       ||    16
    Use: Scroll            |       |       |    10 |     8 |    19 |    14 |    17 |     2 ||    70
         Potion            |       |       |       |       |     1 |     8 |       |       ||     9
   Stab: Distracted        |       |       |       |       |     1 |       |     1 |       ||     2
         Confused          |       |       |       |       |     1 |       |       |       ||     1
         Betrayed ally     |       |       |       |       |     1 |       |       |       ||     1
 Armour: Chain mail        |    79 |    83 |    77 |       |       |       |       |       ||   239
         Animal skin       |     1 |       |       |       |       |       |       |       ||     1
         Plate armour      |       |       |    47 |   398 |   715 |  1120 |   274 |       ||  2554
         Skin              |       |       |     1 |       |       |       |       |       ||     1
         Gold dragon scale |       |       |       |       |       |       |   107 |   111 ||   218
  Dodge: Dodged            |    53 |    47 |    91 |   343 |   555 |  1102 |   404 |    92 ||  2687
  Block: Kite shield       |       |       |       |   119 |   699 |   373 |    57 |       ||  1248
         Tower shield      |       |       |       |       |       |       |  1008 |   233 ||  1241

Table legend: (Time is in decaauts)
 A = Elapsed time spent in this place.
 B = Non-inter-level travel time spent in this place.
 C = Inter-level travel time spent in this place.
 D = Time resting spent in this place.
 E = Time spent auto-exploring this place.
 F = Levels seen in this place.
 G = Mean time per level.
                   A        B        C        D        E       F      G
               +--------+--------+--------+--------+--------+-----+--------+
         Total |  51122 |  43986 |   7136 |   8920 |      0 |  39 | 1310.8 |
       Dungeon |  18076 |  15315 |   2761 |   1916 |      0 |  15 | 1205.1 |
          Lair |   4890 |   4165 |    725 |    397 |      0 |   5 |  978.0 |
         Swamp |   4952 |   4315 |    637 |    858 |      0 |   4 | 1238.0 |
   Spider Nest |   5363 |   4769 |    594 |   1621 |      0 |   4 | 1340.8 |
  Orcish Mines |   2200 |   1928 |    272 |    239 |      0 |   2 | 1100.0 |
        Vaults |  11813 |  10036 |   1777 |   3247 |      0 |   5 | 2362.6 |
        Depths |   3277 |   2908 |    369 |    335 |      0 |   3 | 1092.3 |
        Bailey |    547 |    547 |      0 |    305 |      0 |   1 |  547.0 |
               +--------+--------+--------+--------+--------+-----+--------+

Top non-repeatable levels by time:
Vaults:4: 3042 daAuts
Vaults:5: 2382 daAuts
Vaults:1: 2347 daAuts
Vaults:2: 2221 daAuts
    D:14: 1962 daAuts
Vaults:3: 1819 daAuts
Spider:2: 1549 daAuts
Spider:3: 1535 daAuts
    D:10: 1469 daAuts
Spider:4: 1464 daAuts
 Swamp:4: 1443 daAuts
Depths:2: 1432 daAuts
    D:12: 1410 daAuts
     D:7: 1406 daAuts
  Lair:5: 1405 daAuts
